[Event "Titled Tuesday Blitz June 27 Early 2023"]
[White "Srebrnic, Marko"]
[Black "Wesolowska, Hanna"]
[WhiteFideId "14603616"]
[BlackFideId "1104683"]
[WhiteElo "2484"]
[BlackElo "2201"]
[Result "1-0"]
[Round "2"]
[TimeControl "180+2"]
[Date "2023.06.27"]
[WhiteClock "0:00:19"]
[BlackClock "0:00:08"]
[Board "212"]

1. e4 c5 2. Nf3 d6 3. g3 Nf6 4. Qe2 g6 5. Bg2 Nc6 6. c3 Bg7 7. O-O Nd4 8. cxd4 cxd4 9. d3 Bg4 10. h3 Bd7 11. e5 dxe5 12. Nxe5 O-O 13. Na3 Qc7 14. Bf4 Nh5 15. Rac1 Nxf4 16. gxf4 Qd8 17. Nxd7 Qxd7 18. Rfe1 e6 19. Qe4 b6 20. Rc6 Rac8 21. Rec1 Rxc6 22. Rxc6 Qe7 23. Nc2 h5 24. a3 Qd7 25. b4 a5 26. b5 Rd8 27. a4 Rc8 28. Nxd4 Rd8 29. Nf3 Qxd3 30. Qxd3 Rxd3 31. Ng5 Ra3 32. Rxb6 Bd4 33. Rb8+ Kg7 34. Rb7 Rxa4 35. Rxf7+ Kg8 36. b6 Rb4 37. b7 Rb2 38. Rc7 Bxf2+ 39. Kh2 Ba7 40. Rc8+ Kg7 41. Nxe6+ Kf6 42. Nd8 Kf5 43. Nc6 Be3 44. b8=Q Bxf4+ 45. Qxf4+ Kxf4 46. Nxa5 g5 47. Rc4+ Kf5 48. Nc6 h4 49. Nd4+ Ke5 50. Nf3+ Kf5 51. Rc5+ Kf4 52. Rxg5 Rf2 53. Rg4+ Kf5 54. Rxh4 Ra2 55. Kg3 Kg6 56. Rd4 Ra6 57. h4 Kh6 58. Bh3 Rg6+ 59. Ng5 Rb6 60. Bg4 Rb3+ 61. Bf3 Rb1 62. Rd6+ Kg7 63. h5 Rg1+ 64. Bg2 Re1 65. h6+ Kf8 66. Rf6+ Ke7 67. Rf7+ Ke8 68. Bc6+ Kd8 69. h7 Re3+ 70. Kf4 Rh3 71. Nxh3 1-0


[Site "https://www.chess.com"]

[Event "Titled Tuesday Blitz June 27 Early 2023"]
[White "Sariego Figueredo, Wilfredo"]
[Black "Koutlas, Nikolaos"]
[WhiteFideId "3500080"]
[BlackFideId "25827138"]
[WhiteElo "2194"]
[BlackElo "2481"]
[Result "0-1"]
[Round "2"]
[TimeControl "180+2"]
[Date "2023.06.27"]
[WhiteClock "0:00:05"]
[BlackClock "0:00:17"]
[Board "213"]

1. d4 b6 2. Bf4 Bb7 3. Nf3 h6 4. c4 g5 5. Be5 f6 6. Bg3 Bg7 7. e3 f5 8. Ne5 Nf6 9. Ng6 Rg8 10. h4 e6 11. Nc3 d6 12. h5 Nbd7 13. d5 e5 14. Bd3 e4 15. Be2 Nc5 16. b4 Nfd7 17. bxc5 Bxc3+ 18. Kf1 Nxc5 19. Rc1 Bg7 20. Kg1 Qf6 21. Qc2 O-O-O 22. a4 a5 23. Rb1 Qf7 24. Kh2 Rde8 25. Rb5 Ba6 26. Rxc5 bxc5 27. Rb1 Kd7 28. Qd2 Ra8 29. Rc1 Qf6 30. f3 exf3 31. gxf3 Rgb8 32. e4 Rb2 33. Rc2 f4 34. Be1 Rab8 35. e5 Rxc2 36. exf6 Rxd2 37. Bxd2 Bxf6 38. Kh3 Rb2 39. Bxa5 Rxe2 40. Kg4 Bxc4 41. Kf5 Ba1 42. Nf8+ Ke8 43. Ne6 Bd3+ 44. Kg4 Rg2+ 45. Kh3 Bf1 46. Nxc7+ Kd7 47. Ne6 Be5 48. Be1 g4+ 49. fxg4 f3 50. g5 Rxg5+ 51. Kh4 Rg1 52. Bg3 Bxg3+ 53. Kg4 f2 54. Kf3 Be2+ 55. Kxe2 f1=Q+ 56. Ke3 Qf2+ 57. Kd3 Rd1+ 58. Kc4 Qc2+ 59. Kb5 Rb1+ 60. Ka5 Qc3+ 61. Ka6 Qb4 62. Nf8+ Ke8 63. Nd7 Qxa4# 0-1


[Site "https://www.chess.com"]

[Event "Titled Tuesday Blitz June 27 Early 2023"]
[White "Dudzinski, Pawel"]
[Black "Fernandez Hernandez, Gerardo"]
[WhiteFideId "1117890"]
[BlackFideId "2207400"]
[WhiteElo "2481"]
[BlackElo "2193"]
[Result "1/2-1/2"]
[Round "2"]
[TimeControl "180+2"]
[Date "2023.06.27"]
[WhiteClock "0:00:06"]
[BlackClock "0:00:04"]
[Board "214"]

1. e4 e6 2. d4 d5 3. Nd2 Nc6 4. Ngf3 Nf6 5. Bd3 Nb4 6. O-O Nxd3 7. cxd3 Be7 8. e5 Nd7 9. Nb3 O-O 10. Be3 f6 11. Nc5 Bxc5 12. dxc5 Nxe5 13. Nxe5 fxe5 14. Qh5 Qf6 15. f4 e4 16. dxe4 dxe4 17. Rad1 Qf7 18. Qe5 Bd7 19. Qxc7 Bc6 20. Qe5 Rad8 21. Rd6 Qf5 22. Qxe6+ Qxe6 23. Rxe6 Rd3 24. Re1 Kf7 25. Rd6 Rd8 26. Rxd8 Rxd8 27. Kf2 Rd3 28. g4 Bd5 29. h4 Bxa2 30. Ra1 Bd5 31. Rxa7 Rb3 32. Bc1 Rf3+ 33. Ke1 Rh3 34. b4 e3 35. Ra3 Rh1+ 36. Ke2 Rxc1 37. Kxe3 Rb1 38. Kd4 Bc6 39. Kc3 Rc1+ 40. Kd2 Rc4 41. Rb3 Rxf4 42. b5 Bd5 43. Rd3 Bh1 44. Rd7+ Kf6 45. g5+ Kg6 46. h5+ Kxh5 47. Rxg7 Be4 48. c6 bxc6 49. b6 c5 50. b7 Bxb7 51. Rxh7+ Kxg5 52. Rxb7 c4 53. Kc3 Kf5 54. Rc7 Ke5 55. Rxc4 Rxc4+ 56. Kxc4 1/2-1/2


[Site "https://www.chess.com"]

[Event "Titled Tuesday Blitz June 27 Early 2023"]
[White "ilya2700"]
[Black "Kielinkei"]
[WhiteElo "2178"]
[BlackElo "2479"]
[Result "0-1"]
[Round "2"]
[TimeControl "180+2"]
[Date "2023.06.27"]
[WhiteClock "0:00:25"]
[BlackClock "0:00:04"]
[Board "215"]

1. e4 d6 2. d4 Nf6 3. Nc3 Nbd7 4. Nf3 e5 5. dxe5 dxe5 6. Bg5 Bb4 7. Bc4 h6 8. Bh4 O-O 9. O-O c6 10. Qe2 Qc7 11. Rad1 b5 12. Bb3 a5 13. a4 Bxc3 14. bxc3 Ba6 15. Qe3 bxa4 16. Bxa4 Bxf1 17. Rxf1 Ng4 18. Qd3 Nc5 19. Qc4 Nxa4 20. Qxa4 Qd6 21. Bg3 Rfe8 22. h3 Nf6 23. Nd4 Rec8 24. Nf5 Qe6 25. f3 g6 26. Nxh6+ Kg7 27. Ng4 Nxg4 28. hxg4 Rd8 29. Rb1 f6 30. Rb7+ Rd7 31. Rb6 Rc7 32. c4 Qd6 33. Rb1 c5 34. Bf2 Qd7 35. Rb5 Qd1+ 36. Kh2 Rh8+ 37. Kg3 Qh1 38. f4 Qh2+ 39. Kf3 Qxf4+ 40. Ke2 Qxe4+ 41. Kd2 Rd7+ 42. Kc3 Qe2 43. Rxc5 Qd2+ 44. Kb3 Rb7+ 45. Ka3 Qxf2 46. Qc6 Rf7 47. Rd5 Qxc2 48. Rd7 Qc3+ 49. Ka4 Qb4# 0-1


[Site "https://www.chess.com"]

[Event "Titled Tuesday Blitz June 27 Early 2023"]
[White "Tokman, Ariel"]
[Black "hsd2016"]
[WhiteFideId "117420"]
[WhiteElo "2478"]
[BlackElo "2175"]
[Result "0-1"]
[Round "2"]
[TimeControl "180+2"]
[Date "2023.06.27"]
[WhiteClock "0:00:03"]
[BlackClock "0:00:04"]
[Board "216"]

1. e4 e5 2. Nf3 Nc6 3. Bc4 Nf6 4. d3 Bc5 5. c3 O-O 6. O-O h6 7. Nbd2 a6 8. Bb3 d6 9. Re1 Ng4 10. Re2 Be6 11. Nf1 d5 12. Qc2 dxe4 13. dxe4 Bxb3 14. Qxb3 Qd3 15. Ng3 Rad8 16. Bd2 Na5 17. Qa4 Nc4 18. Be1 b5 19. Qc2 g6 20. h3 Nf6 21. b3 Qxc2 22. Rxc2 Nd6 23. Re2 Rfe8 24. Bd2 Kg7 25. Be3 Ndxe4 26. Nxe4 Nxe4 27. Bxc5 Nxc5 28. Rxe5 Rxe5 29. Nxe5 Rd2 30. c4 Kf6 31. Nc6 bxc4 32. bxc4 Nd3 33. f3 Nf4 34. g3 Nxh3+ 35. Kf1 Rf2+ 36. Ke1 Rxf3 37. Nb4 Rxg3 38. Nd5+ Ke5 39. Ke2 Rg2+ 40. Kf3 Rc2 41. Ne3 Ng5+ 42. Kg3 Rc3 43. Kf2 Ne4+ 44. Ke2 Rc2+ 45. Kd3 Rd2# 0-1


[Site "https://www.chess.com"]

[Event "Titled Tuesday Blitz June 27 Early 2023"]
[White "Ritvin, Stanislav"]
[Black "Luxama, Jacques Muller"]
[WhiteFideId "2011751"]
[BlackFideId "11900113"]
[WhiteElo "2477"]
[BlackElo "2174"]
[Result "1-0"]
[Round "2"]
[TimeControl "180+2"]
[Date "2023.06.27"]
[WhiteClock "0:00:15"]
[BlackClock "0:00:00"]
[Board "217"]

1. e4 e6 2. d4 d5 3. Nc3 Bb4 4. e5 c5 5. a3 Bxc3+ 6. bxc3 Qa5 7. Bd2 Qa4 8. Qb1 a6 9. Qb3 Qc6 10. Nf3 Ne7 11. Be2 O-O 12. O-O Nd7 13. Rab1 b5 14. a4 bxa4 15. Qa3 f6 16. exf6 Nxf6 17. Ne5 Qc7 18. Be3 c4 19. Qxa4 Nd7 20. Nf3 Nf6 21. Nd2 Bd7 22. Qb4 Nf5 23. Bg5 Rfb8 24. Qa3 a5 25. g3 a4 26. Bf4 Qc8 27. Rxb8 Rxb8 28. Bxb8 Qxb8 29. Rb1 Qe8 30. Nf3 Ne4 31. Ne5 Nfd6 32. f3 Nd2 33. Rd1 Nb5 34. Qb4 Nb3 35. cxb3 axb3 36. Ra1 h6 37. Bd1 Kh7 38. Ra5 1-0


[Site "https://www.chess.com"]

[Event "Titled Tuesday Blitz June 27 Early 2023"]
[White "Ivanova, Karina"]
[Black "Corredor Castellanos, Camilo"]
[WhiteFideId "24139750"]
[BlackFideId "4425871"]
[WhiteElo "2170"]
[BlackElo "2477"]
[Result "0-1"]
[Round "2"]
[TimeControl "180+2"]
[Date "2023.06.27"]
[WhiteClock "0:00:20"]
[BlackClock "0:01:40"]
[Board "218"]

1. e4 e5 2. Nf3 Nc6 3. Bb5 a6 4. Ba4 Nf6 5. d3 b5 6. Bb3 Bc5 7. O-O d6 8. c3 h6 9. Re1 O-O 10. d4 exd4 11. cxd4 Bb4 12. Bd2 Bxd2 13. Nbxd2 Bg4 14. h3 Bh5 15. e5 Nxd4 16. exf6 Qxf6 17. g4 Bg6 18. Nxd4 Qxd4 19. Nf3 Qf4 20. Bd5 Rae8 21. Qd2 Qf6 22. Rxe8 Rxe8 23. Re1 Rxe1+ 24. Nxe1 c5 25. Bg2 h5 26. Bb7 hxg4 27. hxg4 a5 28. Qxa5 Qe7 29. Bg2 b4 30. Nf3 Be4 31. Qb5 g6 32. Qe2 d5 33. Nd2 Qg5 34. Nxe4 dxe4 35. Bxe4 Kg7 36. Bg2 Qc1+ 37. Kh2 Qh6+ 38. Kg3 Qc1 39. Qe5+ Kg8 40. Qxc5 Qxc5 0-1


[Site "https://www.chess.com"]

[Event "Titled Tuesday Blitz June 27 Early 2023"]
[White "Flynn, Jacob"]
[Black "campochess"]
[WhiteFideId "2509393"]
[WhiteElo "2471"]
[BlackElo "2165"]
[Result "1-0"]
[Round "2"]
[TimeControl "180+2"]
[Date "2023.06.27"]
[WhiteClock "0:01:29"]
[BlackClock "0:01:35"]
[Board "219"]

1. e4 c5 2. Nf3 Nc6 3. d4 cxd4 4. Nxd4 e5 5. Nb5 a6 6. Nd6+ Bxd6 7. Qxd6 Qe7 8. Qxe7+ Ngxe7 9. Nc3 d5 10. exd5 Nb4 11. Bd3 Nxd3+ 12. cxd3 Bf5 13. O-O Bxd3 14. Rd1 Bg6 15. Be3 O-O 16. Rac1 Nf5 17. Bc5 Rfd8 18. Na4 Rac8 19. Bb6 Rxc1 20. Rxc1 Nd4 21. Bxd8 Ne2+ 22. Kf1 Nxc1 23. Nc5 Kf8 24. Nxb7 Nxa2 25. Ba5 Nc1 26. d6 Bd3+ 27. Ke1 Bb5 28. Nc5 Nd3+ 29. Nxd3 Bxd3 30. d7 1-0


[Site "https://www.chess.com"]

[Event "Titled Tuesday Blitz June 27 Early 2023"]
[White "Dahlgren, James Allen"]
[Black "Eynullayev, Atilla"]
[WhiteFideId "22256873"]
[BlackFideId "13413570"]
[WhiteElo "2162"]
[BlackElo "2468"]
[Result "0-1"]
[Round "2"]
[TimeControl "180+2"]
[Date "2023.06.27"]
[WhiteClock "0:00:33"]
[BlackClock "0:01:02"]
[Board "220"]

1. d3 e5 2. f4 Nc6 3. Nf3 Bd6 4. f5 Nd4 5. e4 b6 6. c4 Bb7 7. Nc3 Ne7 8. Be3 Bc5 9. Nxe5 Nexf5 10. exf5 Qe7 11. Qd2 Qxe5 12. O-O-O Nb3+ 13. axb3 Bxe3 14. Re1 Bxd2+ 15. Kxd2 Qxe1+ 16. Kxe1 O-O 17. Kf2 Rfe8 18. Be2 a6 19. g4 Bxh1 0-1


[Site "https://www.chess.com"]

[Event "Titled Tuesday Blitz June 27 Early 2023"]
[White "Kovalevsky, Stanislav"]
[Black "Tarnowska, Aleksandra"]
[WhiteFideId "13508598"]
[BlackFideId "1180967"]
[WhiteElo "2468"]
[BlackElo "2156"]
[Result "1-0"]
[Round "2"]
[TimeControl "180+2"]
[Date "2023.06.27"]
[WhiteClock "0:00:46"]
[BlackClock "0:00:00"]
[Board "221"]

1. c4 e5 2. Nc3 Nf6 3. g3 Bb4 4. Bg2 Nc6 5. e4 d6 6. Nd5 Nxd5 7. exd5 Nd4 8. Ne2 Bc5 9. Nxd4 Bxd4 10. O-O Bf5 11. h3 Qf6 12. Kh2 Bd3 13. f4 Bxf1 14. Qxf1 O-O 15. d3 exf4 16. Bxf4 Bxb2 17. Rb1 b6 18. Qf2 Be5 19. Be4 Bxf4 20. gxf4 Rfe8 21. Rg1 Qh6 22. Rg4 g6 23. f5 Re5 24. Rh4 Qg5 25. fxg6 fxg6 26. Rg4 Qh6 27. Bxg6 hxg6 28. Qf6 g5 29. Qxh6 Re2+ 30. Kg3 Rae8 31. Rxg5+ Kf7 32. Rg7+ 1-0


[Site "https://www.chess.com"]

[Event "Titled Tuesday Blitz June 27 Early 2023"]
[White "Mangialardo, Tiago Carvalho"]
[Black "Gheorghiu, Calin"]
[WhiteFideId "2130718"]
[BlackFideId "1200305"]
[WhiteElo "2150"]
[BlackElo "2466"]
[Result "0-1"]
[Round "2"]
[TimeControl "180+2"]
[Date "2023.06.27"]
[WhiteClock "0:00:04"]
[BlackClock "0:00:07"]
[Board "222"]

1. e4 c6 2. c4 d5 3. exd5 cxd5 4. cxd5 Nf6 5. Bb5+ Nbd7 6. Nc3 g6 7. Nf3 Bg7 8. O-O O-O 9. d6 exd6 10. d4 a6 11. Ba4 b5 12. Bb3 Bb7 13. Bg5 Rc8 14. Nd5 h6 15. Bh4 g5 16. Nxf6+ Nxf6 17. Bg3 Ne4 18. Re1 Qb6 19. Qd3 Nxg3 20. hxg3 g4 21. Nh2 Qxd4 22. Qf5 Rc5 23. Qd7 Bc6 24. Qe7 Rf5 25. Re2 a5 26. Bc2 Qd5 27. Be4 Qc5 28. Bxf5 Qxf5 29. Qe3 a4 30. Qf4 Qxf4 31. gxf4 h5 32. Nf1 a3 33. Rb1 axb2 34. Nd2 Bd5 35. Nb3 Bxb3 36. axb3 Ra8 37. Rexb2 Bxb2 38. Rxb2 Kf8 39. Kh2 Ke7 40. Kg3 Ke6 41. Kh4 Kf5 42. Kxh5 Rh8# 0-1


[Site "https://www.chess.com"]

[Event "Titled Tuesday Blitz June 27 Early 2023"]
[White "Principe, Alexander"]
[Black "VoicelessFeather"]
[WhiteFideId "3804542"]
[WhiteElo "2466"]
[BlackElo "2144"]
[Result "1-0"]
[Round "2"]
[TimeControl "180+2"]
[Date "2023.06.27"]
[WhiteClock "0:00:33"]
[BlackClock "0:00:00"]
[Board "223"]

1. e4 e5 2. Nf3 Nc6 3. d4 exd4 4. Nxd4 Nf6 5. Nxc6 bxc6 6. e5 Qe7 7. Qe2 Nd5 8. c4 Nb6 9. Nc3 g6 10. Ne4 Bg7 11. Bg5 Qb4+ 12. Kd1 O-O 13. Nf6+ Kh8 14. Qd2 Qxd2+ 15. Kxd2 h6 16. Bh4 d6 17. f4 dxe5 18. fxe5 Rd8+ 19. Kc1 Rd4 20. Bf2 Rd8 21. Be2 Be6 22. b3 Nd7 23. Nxd7 Rxd7 24. Bg3 f6 25. Bf3 Rad8 26. Bxc6 Rd2 27. Bd5 Bxd5 28. Kxd2 Bxg2+ 29. Ke3 Bxh1 30. Rxh1 fxe5 31. Rf1 Kg8 32. Rf2 h5 33. Re2 Rd4 34. Kf3 Rd3+ 35. Kg2 c5 36. Bxe5 Bxe5 37. Rxe5 Rd2+ 38. Kg3 Rxa2 39. Rxc5 Rb2 40. Rb5 a5 41. h4 Kg7 42. Rb7+ Kf6 43. Rb6+ Kf5 44. Rb5+ Ke6 45. Kf4 1-0


[Site "https://www.chess.com"]

[Event "Titled Tuesday Blitz June 27 Early 2023"]
[White "Herzog2012"]
[Black "le-castor-faineant"]
[WhiteElo "2464"]
[BlackElo "2140"]
[Result "1-0"]
[Round "2"]
[TimeControl "180+2"]
[Date "2023.06.27"]
[WhiteClock "0:00:07"]
[BlackClock "0:00:06"]
[Board "224"]

1. e4 e5 2. Nc3 Nf6 3. g3 d5 4. exd5 Nxd5 5. Bg2 Nxc3 6. bxc3 Bc5 7. Nf3 Nc6 8. O-O O-O 9. d3 Bg4 10. h3 Bh5 11. Qe1 Re8 12. Qe4 Bg6 13. Qc4 Bb6 14. Nh4 Na5 15. Qa4 Qf6 16. Nxg6 Qxg6 17. Kh2 f5 18. c4 Nc6 19. Qb5 Bd4 20. Rb1 Rab8 21. Bd2 a6 22. Qd5+ Kh8 23. Rbe1 Ne7 24. Qf3 Ng8 25. c3 Bc5 26. Be3 Bxe3 27. fxe3 Rf8 28. d4 e4 29. Qf4 Qf6 30. g4 Ne7 31. gxf5 Qxf5 32. Qxf5 Nxf5 33. Bxe4 Nd6 34. Bd3 Rxf1 35. Rxf1 Re8 36. Re1 g5 37. e4 c5 38. e5 Nf7 39. e6 Nd6 40. d5 Kg7 41. Rf1 h6 42. Kg3 b6 43. h4 Rf8 44. Re1 Rf4 45. hxg5 hxg5 46. e7 Kf7 47. Re5 Rf6 48. Rxg5 Kxe7 49. Rg7+ Rf7 50. Rg8 Rf8 51. Rg6 Rf6 52. Rg5 b5 53. Re5+ Kd7 54. cxb5 axb5 55. Rh5 c4 56. Bc2 Nf5+ 57. Rxf5 Rxf5 58. Bxf5+ Kd6 59. Be6 Ke5 60. Kf3 b4 61. cxb4 c3 62. Ke3 c2 63. Kd2 c1=Q+ 64. Kxc1 1-0


[Site "https://www.chess.com"]

[Event "Titled Tuesday Blitz June 27 Early 2023"]
[White "Sanhueza, Cristian"]
[Black "Flis, Pawel"]
[WhiteFideId "116815"]
[BlackFideId "1112864"]
[WhiteElo "2462"]
[BlackElo "2137"]
[Result "1-0"]
[Round "2"]
[TimeControl "180+2"]
[Date "2023.06.27"]
[WhiteClock "0:01:09"]
[BlackClock "0:00:00"]
[Board "225"]

1. e4 c5 2. Nf3 d6 3. d4 Nf6 4. Nc3 cxd4 5. Nxd4 a6 6. Be3 e5 7. Nf3 Be6 8. Ng5 Be7 9. Nxe6 fxe6 10. g3 O-O 11. Bh3 Qd7 12. Nd5 Bd8 13. Nxf6+ Bxf6 14. Qg4 Qc6 15. Qxe6+ Kh8 16. Bg2 Qxc2 17. Qxd6 Nc6 18. Qd2 Qc4 19. Qe2 Qb4+ 20. Qd2 Qc4 21. Qe2 Qb4+ 22. Bd2 Qxb2 23. O-O Nd4 24. Qd3 Qc2 25. Qxc2 Nxc2 26. Rab1 b5 27. f4 Rfd8 28. Ba5 Rd7 29. Rfd1 Rf7 30. Rd6 Nd4 31. Rxd4 exd4 32. e5 Re8 33. exf6 gxf6 34. Rd1 Re2 35. Rxd4 Rxa2 36. Rd8+ Kg7 37. Bc3 Re7 38. Bd5 Ree2 39. Rg8+ Kh6 40. Bxa2 Rxa2 41. Bxf6 1-0


[Site "https://www.chess.com"]

[Event "Titled Tuesday Blitz June 27 Early 2023"]
[White "Vargas Rodriguez, Wilver"]
[Black "BeReal24"]
[WhiteFideId "3509672"]
[WhiteElo "2136"]
[BlackElo "2460"]
[Result "1-0"]
[Round "2"]
[TimeControl "180+2"]
[Date "2023.06.27"]
[WhiteClock "0:00:04"]
[BlackClock "0:00:15"]
[Board "226"]

1. Nf3 d5 2. c4 e6 3. b3 Nf6 4. g3 Be7 5. Bg2 O-O 6. O-O d4 7. Bb2 c5 8. b4 Nc6 9. b5 Nb8 10. e3 dxe3 11. fxe3 Nbd7 12. a4 Rb8 13. Qc2 b6 14. Ne5 Nxe5 15. Bxe5 Bd6 16. Bxf6 gxf6 17. Nc3 f5 18. e4 Be5 19. exf5 Qd4+ 20. Kh1 exf5 21. Rxf5 Bxf5 22. Qxf5 Rbd8 23. Be4 Rfe8 24. Rf1 f6 25. Qxh7+ Kf8 26. Nd5 Qxd2 27. Bg6 Qxd5+ 28. cxd5 Rd7 29. Qh8+ Ke7 30. Qxe8+ Kd6 31. Qe6+ Kc7 32. Qc6+ Kd8 33. Bf5 Rd6 34. Qa8+ Ke7 35. Be6 c4 36. Qxa7+ Kd8 37. Qf7 Rxe6 38. Qxe6 c3 39. d6 c2 40. Qe7+ Kc8 41. Qc7# 1-0


[Site "https://www.chess.com"]

[Event "Titled Tuesday Blitz June 27 Early 2023"]
[White "Politov, Pavel Y."]
[Black "Reprintsev, Alexander"]
[WhiteFideId "24110515"]
[BlackFideId "14100541"]
[WhiteElo "2127"]
[BlackElo "2459"]
[Result "0-1"]
[Round "2"]
[TimeControl "180+2"]
[Date "2023.06.27"]
[WhiteClock "0:00:00"]
[BlackClock "0:01:03"]
[Board "227"]

1. e4 d5 2. exd5 Qxd5 3. Nc3 Qa5 4. d4 Nf6 5. Nf3 Nc6 6. Bd2 a6 7. h3 Bf5 8. Bc4 Nb4 9. Bb3 Qb6 10. O-O e6 11. a3 Nbd5 12. Nxd5 exd5 13. Re1+ Be6 14. Qe2 O-O-O 15. a4 h6 16. a5 Qd6 17. Ne5 Ne4 18. Bf4 Qe7 19. f3 Nd6 20. Nxf7 Qxf7 21. Qxe6+ Qxe6 22. Rxe6 c6 23. Rae1 Nf5 24. Re8 Bd6 25. Rxd8+ Kxd8 26. Bxd6 Nxd6 27. Re6 Kd7 0-1


[Site "https://www.chess.com"]

[Event "Titled Tuesday Blitz June 27 Early 2023"]
[White "Morgunov, Anatoly"]
[Black "deloewre"]
[WhiteFideId "4145909"]
[WhiteElo "2457"]
[BlackElo "2127"]
[Result "1-0"]
[Round "2"]
[TimeControl "180+2"]
[Date "2023.06.27"]
[WhiteClock "0:00:40"]
[BlackClock "0:00:00"]
[Board "228"]

1. d4 Nf6 2. c4 g6 3. Nc3 Bg7 4. e4 d6 5. Be2 O-O 6. Be3 a6 7. g4 c6 8. g5 Ne8 9. h4 b5 10. h5 Nc7 11. a3 bxc4 12. Bxc4 d5 13. exd5 cxd5 14. Bd3 Nc6 15. Be2 e5 16. Nf3 exd4 17. Nxd4 Nxd4 18. Bxd4 Qxg5 19. Bxg7 Kxg7 20. h6+ Kg8 21. Qd4 Ne6 22. Qxd5 Qxd5 23. Nxd5 Bb7 24. Nf6+ Kh8 25. Rh3 Rac8 26. Rc3 Rxc3 27. bxc3 Rc8 28. Rb1 Rc7 29. Rb6 Nc5 30. Bc4 Na4 31. Rd6 Rc8 32. Bxa6 Bxa6 33. Rxa6 Nxc3 34. Ra7 Rf8 35. Re7 Nb5 36. a4 Nd4 37. a5 Nf5 38. Re8 Rxe8+ 39. Nxe8 Nd4 40. a6 Nc6 41. Nd6 Kg8 42. Nc8 1-0


[Site "https://www.chess.com"]

[Event "Titled Tuesday Blitz June 27 Early 2023"]
[White "Boraso, Alessio"]
[Black "Floresvillar Gonzalez, Luis Migu"]
[WhiteFideId "848077"]
[BlackFideId "5100542"]
[WhiteElo "2457"]
[BlackElo "2126"]
[Result "1-0"]
[Round "2"]
[TimeControl "180+2"]
[Date "2023.06.27"]
[WhiteClock "0:00:11"]
[BlackClock "0:00:47"]
[Board "229"]

1. e4 c6 2. d4 c5 3. Nf3 cxd4 4. Nxd4 Nc6 5. Nc3 Nxd4 6. Qxd4 d6 7. Bc4 Nf6 8. O-O e6 9. Bg5 Be7 10. Rad1 O-O 11. Bxf6 Bxf6 12. Qxd6 Qxd6 13. Rxd6 Bxc3 14. bxc3 a6 15. a4 b5 16. axb5 axb5 17. Bxb5 e5 18. Rfd1 Be6 19. Bc6 Rac8 20. Bd7 Bxd7 21. Rxd7 Rxc3 22. R1d2 f6 23. h4 Rfc8 24. Ra7 R8c7 25. Rxc7 Rxc7 26. Kf1 Kf7 27. Ke2 Kg6 28. g3 Kh5 29. f3 h6 30. Kd3 g5 31. c4 gxh4 32. Rh2 Rd7+ 33. Kc3 Rd1 34. Rxh4+ Kg5 35. Rg4+ Kh5 36. Rh4+ Kg5 37. f4+ exf4 38. Rxf4 Rg1 39. Rf3 Kg4 40. Rxf6 Rxg3+ 41. Kd4 h5 42. Rg6+ Kf3 43. Rxg3+ Kxg3 44. e5 h4 45. e6 h3 46. e7 h2 47. e8=Q h1=Q 48. Qg6+ Kf2 49. Qc2+ Kg3 50. Qg6+ Kf2 51. Qf5+ Kg3 52. Qg5+ Kf2 53. Qf4+ Ke2 54. Qe4+ Kd2 55. Qxh1 1-0


[Site "https://www.chess.com"]

[Event "Titled Tuesday Blitz June 27 Early 2023"]
[White "Gnechko, Ruslan"]
[Black "Winkels, Marcel"]
[WhiteFideId "14135868"]
[BlackFideId "1003887"]
[WhiteElo "2455"]
[BlackElo "2119"]
[Result "1-0"]
[Round "2"]
[TimeControl "180+2"]
[Date "2023.06.27"]
[WhiteClock "0:00:09"]
[BlackClock "0:00:00"]
[Board "230"]

1. d4 Nf6 2. c4 g6 3. Nf3 c6 4. g3 Bg7 5. Bg2 d5 6. O-O O-O 7. cxd5 cxd5 8. Nc3 Ne4 9. Qb3 Nc6 10. Nxd5 Be6 11. Nxe7+ Nxe7 12. Qxb7 Bd5 13. Qa6 Qb6 14. Qa3 Nc6 15. e3 Nb4 16. Ne1 Nf6 17. Bd2 Bxg2 18. Kxg2 Qc6+ 19. Kg1 Nbd5 20. Rc1 Qb7 21. Nd3 Ne4 22. Nc5 Nxc5 23. Rxc5 Rfd8 24. Qa5 Rac8 25. Bc3 Nf6 26. f3 Qe7 27. Kf2 Nd5 28. Rxd5 Re8 29. e4 f5 30. e5 Red8 31. Rxd8+ Rxd8 32. Re1 Qd7 33. Qc5 Rc8 34. Qd6 Qxd6 35. exd6 Bf8 36. d7 Rd8 37. Re6 Rxd7 38. Ke3 Bg7 39. Kd3 Kf7 40. Ra6 Bf6 41. b4 Bd8 42. f4 Bb6 43. a4 Re7 44. a5 Bd8 45. b5 Rb7 46. Kc4 Rc7+ 47. Kd3 Rb7 48. Kc4 Rc7+ 49. Rc6 Rb7 50. d5 Ke7 51. a6 Rd7 52. Bf6+ Ke8 53. Rc8 Rd6 54. Rxd8+ 1-0


[Site "https://www.chess.com"]

[Event "Titled Tuesday Blitz June 27 Early 2023"]
[White "Tqebuchava, Zurab"]
[Black "Begunov, Konstantin"]
[WhiteFideId "13601113"]
[BlackFideId "4118510"]
[WhiteElo "2104"]
[BlackElo "2451"]
[Result "0-1"]
[Round "2"]
[TimeControl "180+2"]
[Date "2023.06.27"]
[WhiteClock "0:00:00"]
[BlackClock "0:00:09"]
[Board "231"]

1. e4 c5 2. Nf3 d6 3. Bb5+ Bd7 4. Bxd7+ Qxd7 5. O-O Nf6 6. Re1 Nc6 7. c3 e6 8. d4 cxd4 9. Nxd4 Be7 10. Na3 a6 11. Nac2 O-O 12. Bg5 b5 13. Nxc6 Qxc6 14. Nd4 Qc5 15. Bh4 Rfd8 16. Qe2 Rab8 17. Rad1 a5 18. b4 axb4 19. cxb4 Qb6 20. h3 Rdc8 21. Nb3 Rc4 22. Bxf6 Bxf6 23. a3 Rc3 24. Rd3 Rbc8 25. Rxc3 Rxc3 26. Rc1 Rxc1+ 27. Nxc1 g6 28. Qc2 Qd4 29. Nb3 Qe5 30. Qd3 Kg7 31. g3 Qb2 32. Nd2 Be5 33. Kg2 Qa2 34. Nf3 Bb2 35. Qxb5 Qxa3 36. Qc4 Bf6 37. b5 Qb2 38. Qc6 Qb4 39. b6 d5 40. e5 Be7 41. b7 Bc5 42. Qc8 Ba7 43. Ng5 Qb6 44. Qd7 Qxf2+ 0-1


[Site "https://www.chess.com"]

[Event "Titled Tuesday Blitz June 27 Early 2023"]
[White "Lopez Gracia, Fernando"]
[Black "Aung Thant Zin"]
[WhiteFideId "2207184"]
[BlackFideId "13000063"]
[WhiteElo "2449"]
[BlackElo "2092"]
[Result "1-0"]
[Round "2"]
[TimeControl "180+2"]
[Date "2023.06.27"]
[WhiteClock "0:00:13"]
[BlackClock "0:00:13"]
[Board "232"]

1. e4 c5 2. Nf3 Nc6 3. Bb5 e6 4. Bxc6 bxc6 5. d3 d6 6. O-O e5 7. Nbd2 f5 8. exf5 Bxf5 9. Re1 Be7 10. Nc4 Nf6 11. Ne3 Be6 12. c3 O-O 13. d4 cxd4 14. cxd4 e4 15. Nd2 d5 16. Nb3 Bd6 17. Bd2 Qe8 18. Rc1 Rc8 19. Kh1 Qg6 20. h3 Nh5 21. Ng4 Rxf2 22. Nxf2 Qg3 23. Kg1 Rf8 24. Qxh5 Rxf2 25. Qe8+ Rf8 26. Qxe6+ Kh8 27. Qxd6 Qxd6 28. Rf1 Re8 29. Be3 Qg6 30. Nc5 h6 31. b3 Qh5 32. Rf2 Kh7 33. Nd7 Re6 34. Ne5 Qh4 35. Rxc6 Rxc6 36. Nxc6 Qh5 37. Rd2 Qg6 38. Ne5 Qg3 39. Re2 Qh4 40. b4 Qd8 41. Rc2 Qb6 42. a3 Qa6 43. Rc3 Qe2 44. Bf2 Qb2 45. Rg3 Qc1+ 46. Kh2 Qf4 47. Be3 Qf1 48. h4 Qe1 49. Ng6 Qe2 50. Nf4 Qa2 51. h5 Qc4 52. Ng6 Qe2 53. Bg1 Qxh5+ 54. Nh4 Qxh4+ 55. Rh3 Qg4 56. Be3 Qe2 57. Rg3 Qe1 58. Bg1 Qe2 59. Re3 Qg4 60. Rc3 Qh5+ 61. Rh3 Qg5 62. Kh1 Qc1 63. Kh2 Qd1 64. Be3 Qg4 65. Rg3 Qh4+ 66. Rh3 Qe1 67. Bf4 Qf1 68. Be5 Qf5 69. Rg3 Qh5+ 70. Kg1 Qg5 71. Rxg5 hxg5 72. Kf2 Kg6 73. g4 Kf7 74. Ke3 g6 75. Bh8 Ke6 76. Bg7 Kd7 77. Bh6 1-0


[Site "https://www.chess.com"]

[Event "Titled Tuesday Blitz June 27 Early 2023"]
[White "Yeritsyan, Hayk"]
[Black "Jaivardhan Raj"]
[WhiteFideId "13307320"]
[BlackFideId "25744437"]
[WhiteElo "2447"]
[BlackElo "2087"]
[Result "1-0"]
[Round "2"]
[TimeControl "180+2"]
[Date "2023.06.27"]
[WhiteClock "0:02:04"]
[BlackClock "0:00:17"]
[Board "233"]

1. d4 Nf6 2. Nf3 e6 3. e3 b6 4. Bd3 Bb7 5. Nbd2 d5 6. Ne5 Bd6 7. f4 O-O 8. Qf3 c5 9. c3 cxd4 10. exd4 Nbd7 11. O-O h6 12. g4 Bxe5 13. fxe5 Nh7 14. Qg3 a5 15. h4 Ba6 16. Bxa6 Rxa6 17. g5 hxg5 18. Nf3 gxh4 19. Nxh4 Kh8 20. Be3 b5 21. Rf2 b4 22. Raf1 Qe8 23. Rh2 bxc3 24. Qh3 Kg8 25. Ng6 Ndf6 26. Rxf6 1-0


[Site "https://www.chess.com"]